 Dungeon Crawl Stone Soup version 0.22.1-1-ga44c0e56f4 (webtiles) character file.

155841 Peloso the Peltast (level 17, 0/159 HPs)
             Began as a Minotaur Fighter on Sept 29, 2018.
             Was the Champion of Okawaru.
             Drowned by a water elemental (6 damage)
             ... on level 3 of the Elven Halls.
             The game lasted 01:43:40 (34433 turns).

Peloso the Peltast (Minotaur Fighter)              Turns: 34433, Time: 01:43:41

Health: 0/159      AC: 29    Str: 37    XL:     17   Next: 9%
Magic:  26/26      EV: 13    Int:  9    God:    Okawaru [******]
Gold:   601        SH: 18    Dex: 26    Spells: 16/16 levels left

rFire    + + +     SeeInvis +   a - +6 double sword (elec)
rCold    + . .     Gourm    .   c - +0 shield
rNeg     . . .     Faith    +   j - +5 plate armour of the Cockroach {rC+ MR+ Int+4 Dex+2}
rPois    .         Spirit   .   k - +1 hat {SInv}
rElec    .         Reflect  .   p - scarf {cloud immunity}
rCorr    .         Harm     .   m - +0 pair of gloves of Icehinam {MR+ Int+3 Dex+8 Stlth-}
MR       +++..                  N - +2 pair of boots
Stlth    ..........             t - amulet of Lugonu's Favour {Faith rF+ Dex+2 SInv}
HPRegen  0.36/turn              (no ring)
MPRegen  0.20/turn              J - ring "Nutwis" {rF+++ MP+9 Str+10 Int-3 Dex+3}

@: lethally poisoned (0 -> 0), engulfed (cannot breathe), very slightly
contaminated, invisible
A: retaliatory headbutt, horns 2
a: Heroism, Finesse, Renounce Religion


You were on level 3 of the Elven Halls.
You worshipped Okawaru.
Okawaru was exalted by your worship.
You were hungry.

You visited 5 branches of the dungeon, and saw 27 of its levels.
You visited 1 bazaar.
You also visited: Volcano.

You collected 2923 gold pieces.
You spent 2322 gold pieces at shops.

Inventory:

Hand Weapons
 a - a +6 double sword of electrocution (weapon)
 y - a +4 scimitar of flaming
Armour
 c - a +0 shield (worn)
 j - the +5 plate armour of the Cockroach (worn) {rC+ MR+ Int+4 Dex+2}
   (Okawaru gifted it to you on level 14 of the Dungeon)

   It affects your intelligence (+4).
   It affects your dexterity (+2).
   It protects you from cold.
   It affects your resistance to hostile enchantments.
 k - a +1 hat of see invisible (worn)
 m - the +0 pair of gloves of Icehinam (worn) {MR+ Int+3 Dex+8 Stlth-}
   (Okawaru gifted it to you on level 6 of the Lair of Beasts)

   It affects your intelligence (+3).
   It affects your dexterity (+8).
   It affects your resistance to hostile enchantments.
   It makes you less stealthy.
 p - a scarf of cloud immunity (worn)
 F - a +2 cloak of magic resistance
 N - a +2 pair of boots (worn)
Jewellery
 h - a +4 amulet of reflection
 t - the amulet of Lugonu's Favour (around neck) {Faith rF+ Dex+2 SInv}
   (You bought it in a shop on level 6 of the Dungeon)

   [amulet of faith]

   It allows you to gain divine favour quickly.
   It affects your dexterity (+2).
   It protects you from fire.
   It lets you see invisible.
 J - the ring "Nutwis" (right hand) {rF+++ MP+9 Str+10 Int-3 Dex+3}
   (You bought it in a shop in a bazaar)

   [ring of magical power]

   It affects your strength (+10).
   It affects your intelligence (-3).
   It affects your dexterity (+3).
   It renders you almost immune to fire.
   It affects your magic capacity (+9).
Scrolls
 e - 4 scrolls of identify
 n - 5 scrolls of fear
 q - 12 scrolls of remove curse
 w - a scroll of blinking
 D - a scroll of noise
 O - a scroll of magic mapping
Potions
 b - 2 potions of brilliance
 d - 2 potions of might
 i - 10 potions of curing
 o - 3 potions of haste
 s - 6 potions of resistance
 v - 4 potions of agility
 H - 5 potions of flight
Comestibles
 f - 37 rations


   Skills:
 + Level 16.5 Fighting
 + Level 18.1 Long Blades
 + Level 16.8 Armour
 + Level 4.4 Dodging
 + Level 1.9 Stealth
 + Level 19.1 Shields
 + Level 2.5 Invocations
   Level 2.6 Evocations


You had 16 spell levels left.
You didn't know any spells.
Your spell library contained the following spells:

 Spells                   Type           Power        Failure   Level  Hunger
 Corona                   Hex            #......      83%         1    ##.....
 Magic Dart               Conj           #...         83%         1    ##.....
 Sting                    Conj/Pois      #...         83%         1    ##.....
 Summon Small Mammal      Summ           #...         83%         1    ##.....
 Blink                    Tloc           N/A          92%         2    ###....
 Call Imp                 Summ           #.......     92%         2    ###....
 Ensorcelled Hibernation  Hex/Ice        #.....       92%         2    ###....
 Poisonous Vapours        Pois/Air       #.....       92%         2    ###....
 Slow                     Hex            #.......     92%         2    ###....
 Sublimation of Blood     Necr           #.........   92%         2    ###....
 Call Canine Familiar     Summ           #.......     99%         3    ####...
 Confuse                  Hex            #.......     99%         3    ####...
 Conjure Flame            Conj/Fire      #.......     99%         3    ####...
 Dazzling Spray           Conj/Hex       #.....       99%         3    ####...
 Mephitic Cloud           Conj/Pois/Air  #.......     99%         3    ####...
 Summon Guardian Golem    Hex/Summ       #.......     99%         3    ####...
 Tukima's Dance           Hex            #.......     99%         3    ####...
 Leda's Liquefaction      Hex/Erth       #.........   100%        4    #####..
 Olgreb's Toxic Radiance  Pois           #.......     100%        4    #####..
 Summon Ice Beast         Ice/Summ       #.......     100%        4    #####..
 Summon Lightning Spire   Summ/Air       #.......     100%        4    #####..
 Bolt of Magma            Conj/Fire/Erth #.........   100%        5    ######.
 Iskenderun's Battlesphe  Conj/Chrm      #.......     100%        5    ######.
 Silence                  Hex/Air        #.........   100%        5    ######.
 Venom Bolt               Conj/Pois      #.........   100%        5    ######.
 Darkness                 Hex            #.........   100%        6    #######
 Iron Shot                Conj/Erth      #.........   100%        6    #######
 Statue Form              Tmut/Erth      #........    100%        6    #######
 Orb of Destruction       Conj           #.........   100%        7    #######
 Spellforged Servitor     Conj/Summ      #.........   100%        7    #######
 Shatter                  Erth           #.........   100%        9    #######


Dungeon Overview and Level Annotations

Branches:
Dungeon (15/15)            Temple (1/1) D:4            Lair (6/6) D:8
  Swamp (0/4) Lair:3        Snake (0/4) Lair:2        Slime (0/5) Lair:5
    Orc (2/2) D:10            Elf (3/3) Orc:2        Vaults (0/5) D:14
 Depths (0/5) D:15

Altars:
Ashenzari
Cheibriados
Dithmenos
Elyvilon
Fedhas
Gozag
Hepliaklqana
Kikubaaqudgha
Makhleb
Nemelex Xobeh
Okawaru
Qazlal
Ru
Sif Muna
Trog
Uskayaw
Vehumet
Wu Jian
Xom
Yredelemnul
Zin
The Shining One
Beogh

Shops:
D:6 *}=   Orc:2 ?%[(   Elf:3 [

Annotations:
Elf:2 1 runed door
Elf:3 Louise


Innate Abilities, Weirdness & Mutations

You reflexively headbutt those who attack you in melee.
You have a pair of horns on your head.


Message History

The deep elf master archer shoots an arrow.
You block the arrow. You block the water elemental's attack.
The deep elf annihilator is empowered by something's aura!
The ghostly deep elf demonologist is empowered by something's aura!
The deep elf elementalist is empowered by something's aura!
Louise is empowered by something's aura!
The deep elf annihilator gestures wildly while chanting.
The deep elf annihilator blinks!
You slash the deep elf elementalist!
Your headbutt misses the deep elf elementalist.
The deep elf elementalist is moderately wounded.
* * * LOW HITPOINT WARNING * * *
Your lungs strain for air!
You feel sick.
The deep elf master archer shoots an arrow.
You block the arrow. You block the water elemental's attack.
The ghostly deep elf demonologist casts a spell.
You barely miss the water elemental. You headbutt the water elemental!
The water elemental is almost destroyed.
You die...

**,,,,,#...**
**,,..#...#
**,..#..@##
**,,.......##
**,,,*#......##
*,,,*##......(#
*,,*##x2.§....#
*******
*,*##Ee2eee2e.#
*,,,,,*
***#(@e#.§...##
**,*****
#..)###.e.##
,,,*
##.###242##
*,,*****
#####...##
*,,,,,,*
#.##...##
*+******
##.(##e###
,,,,**
#(..§e...#
,,,,,**
#..)))..##
,,,,,,**
#......##


You could see Louise, a hell beast, a balrug, a deep elf master archer, a deep
elf annihilator, a deep elf elementalist, a shadow demon, a ghostly deep elf
demonologist, 2 deep elf high priests, a water elemental and a crawling corpse.

Vanquished Creatures
  Rupert (Lair:3)
  A deep elf master archer (Elf:3)
  Agnes (D:15)
  Kirke (D:13)
  Frances (D:14)
  2 deep elf sorcerers (Elf:3)
  An orc warlord (Orc:2)
  3 deep elf elementalists
  The ghost of jt the Brawler, a journeyman TrMo of Nemelex Xobeh (D:13)
  5 deep elf demonologists (Elf:3)
  Nessos (D:14)
  6 dire elephants (Lair:6)
  4 deep elf annihilators (Elf:3)
  Snorg (D:13)
  2 deep elf death magi (Elf:3)
  3 fire dragons (D:15)
  Josephine (Orc:2)
  An anaconda (Lair:6)
  3 hydras
  Erica (D:9)
  2 centaur warriors
  31 dancing weapons
  3 two-headed ogres
  A hell knight (Volcano)
  An orc high priest (Orc:2)
  Urug (D:13)
  9 deep elf knights
  Sonja (Lair:4)
  3 unseen horrors
  3 orc knights
  2 deep elf archers
  A wolf spider (D:13)
  5 orc sorcerers (Orc:2)
  An oklob plant (Lair:1)
  45 deep elf magi
  18 ugly things
  2 cyclopes (D:13)
  6 black mambas
  Psyche (D:11)
  Maurice (D:8)
  2 molten gargoyles (Volcano)
  13 elephants
  5 spiny frogs
  2 komodo dragons
  A rime drake (Lair:6)
  A kobold demonologist (D:13)
  6 yaktaurs
  4 polar bears
  A queen bee (Lair:5)
  A tyrant leech (Lair:3)
  10 trolls
  Prince Ribbit (D:5)
  6 meliai
  10 slime creatures
  9 hippogriffs
  2 hornets (D:13)
  A hornet (shapeshifter) (D:14)
  A meliai zombie (D:13)
  3 blink frogs (Lair:2)
  Sigmund (D:5)
  4 spriggans
  4 wraiths
  5 wyverns
  2 fire bats (Volcano)
  5 basilisks
  3 hogs (D:13)
  4 water elementals
  48 yaks
  3 hungry ghosts
  A fire elemental (Elf:1)
  12 vampire mosquitoes
  A warg (Orc:1)
  Menkaure (D:5)
  2 nagas (Lair:2)
  A swamp worm (Lair:3)
  2 acid dragons
  A soldier ant (D:13)
  7 water moccasins
  8 porcupines
  35 orc warriors
  5 black bears
  2 ice beasts
  A hornet zombie (D:9)
  A necrophage (D:6)
  3 phantoms
  2 sky beasts
  15 ogres
  6 wolves
  8 crocodiles
  12 centaurs
  19 bullfrogs
  7 big kobolds
  3 earth elementals
  A wyvern zombie (D:11)
  2 wyvern skeletons
  6 scorpions
  26 killer bees
  4 wights (D:7)
  5 electric eels (D:8)
  4 howler monkeys
  4 lava snakes (Volcano)
  7 crimson imps
  9 hounds
  A quasit (D:8)
  4 centaur zombies
  4 bullfrog zombies
  6 jellies
  19 orc priests
  3 bullfrog skeletons
  6 centaur skeletons
  Terence (D:2)
  6 iguanas
  25 orc wizards
  16 worker ants
  A hound zombie (D:6)
  A hound skeleton (D:7)
  A worker ant zombie (D:5)
  14 adders
  5 shadow imps
  5 oozes
  2 worms (D:3)
  5 leopard geckos
  94 orcs
  A giant cockroach (D:5)
  7 goblins
  3 hobgoblins
  11 jackals
  4 quokkas
  A ball python (D:2)
  4 bats
  5 frilled lizards
  28 kobolds
  A leopard gecko zombie (D:5)
  A quokka zombie (D:3)
  4 rats
  A fungus (Lair:5)
  A plant (Lair:6)
849 creatures vanquished.

Vanquished Creatures (others)
  A human (D:13)
  4 centaurs
  2 orcs
  A kobold (D:10)
  A crawling corpse (Elf:3)
  3 fungi (Lair:4)
  15 plants
27 creatures vanquished.

Grand Total: 876 creatures vanquished

Notes
Turn   | Place    | Note
-------+----------+-------------------------------------------
     0 | D:1      | Peloso the Minotaur Fighter began the quest for the Orb.
     0 | D:1      | Reached XP level 1. HP: 19/19 MP: 0/0
   101 | D:1      | Reached XP level 2. HP: 15/27 MP: 1/1
   789 | D:2      | Noticed Terence
   794 | D:2      | Killed Terence
   794 | D:2      | Reached skill level 4 in Shields
   794 | D:2      | Reached XP level 3. HP: 26/33 MP: 2/2
   875 | D:2      | Found a sparkling altar of Nemelex Xobeh.
   905 | D:2      | Reached XP level 4. HP: 41/41 MP: 3/3
  1446 | D:3      | Reached skill level 5 in Armour
  1451 | D:3      | Reached XP level 5. HP: 43/47 MP: 4/4
  2190 | D:4      | Found a staircase to the Ecumenical Temple.
  2199 | Temple   | Entered the Ecumenical Temple
  2648 | D:4      | Noticed a phantom
  2654 | D:4      | Found a glowing golden altar of the Shining One.
  2675 | D:4      | Killed a phantom
  2675 | D:4      | Reached skill level 1 in Dodging
  2675 | D:4      | Reached skill level 5 in Shields
  2675 | D:4      | Reached XP level 6. HP: 48/53 MP: 5/5
  2833 | D:4      | Reached skill level 5 in Long Blades
  2914 | D:5      | Entered Level 5 of the Dungeon
  2914 | D:5      | Noticed a sky beast
  2935 | D:4      | Killed a sky beast
  3051 | D:5      | Noticed a hippogriff
  3056 | D:5      | Noticed a troll
  3285 | D:5      | Noticed an orc warrior
  3309 | D:4      | You fall through a shaft for 2 floors!
  3309 | D:6      | Found Icoudy's Gadget Shop.
  3527 | D:6      | Found a hazy altar of Hepliaklqana.
  3559 | D:6      | Reached XP level 7. HP: 53/60 MP: 6/6
  3691 | D:6      | Found a basalt altar of Yredelemnul.
  3731 | D:6      | Found Umiuro's Jewellery Shoppe.
  3747 | D:6      | Reached skill level 5 in Fighting
  3747 | D:6      | Reached skill level 6 in Shields
  3877 | D:6      | Found Payprou's Assorted Antiques.
  4207 | D:5      | Reached XP level 8. HP: 59/67 MP: 7/7
  4265 | D:5      | Found a blossoming altar of Fedhas.
  4267 | D:5      | Found an ornate altar of the Wu Jian Council.
  4268 | D:5      | Found a glowing silver altar of Zin.
  4271 | D:5      | Found a radiant altar of Vehumet.
  4271 | D:5      | Found a stormy altar of Qazlal.
  4272 | D:5      | Found a hide-covered altar of Uskayaw.
  4446 | D:5      | Reached skill level 7 in Shields
  4655 | D:5      | Noticed Sigmund
  4670 | D:5      | Killed Sigmund
  4863 | D:5      | Found a large runed door.
  4864 | D:5      | Found a large runed door.
  5137 | D:5      | Noticed Menkaure
  5139 | D:5      | Found a large runed door.
  5139 | D:5      | Found a large runed door.
  5144 | D:5      | Killed Menkaure
  5144 | D:5      | Reached skill level 8 in Shields
  5496 | D:5      | Found an iron altar of Okawaru.
  5500 | D:5      | Became a worshipper of Warmaster Okawaru
  5642 | D:4      | Killed a troll
  5642 | D:4      | Reached XP level 9. HP: 59/74 MP: 8/8
  6051 | D:7      | Reached * piety under Okawaru
  6094 | D:7      | Reached skill level 9 in Shields
  6179 | D:7      | Found a shadowy altar of Dithmenos.
  6322 | D:7      | Found a basalt altar of Yredelemnul.
  6653 | D:7      | Reached skill level 10 in Long Blades
  6997 | D:8      | Reached ** piety under Okawaru
  7024 | D:8      | Noticed a troll
  7044 | D:8      | Killed a troll
  7337 | D:8      | Found a staircase to the Lair.
  7365 | D:8      | Reached skill level 10 in Shields
  7365 | D:8      | Reached XP level 10. HP: 77/83 MP: 9/9
  7465 | D:8      | Noticed Maurice
  7552 | D:8      | Killed an unseen horror
  7552 | D:8      | Reached *** piety under Okawaru
  7552 | D:8      | Reached skill level 1 in Evocations
  7924 | D:8      | Killed Maurice
  8677 | D:9      | Found an opulent altar of Gozag.
  8833 | D:9      | Noticed Erica
  8903 | D:9      | Killed Erica
  9357 | D:9      | Reached **** piety under Okawaru
  9824 | D:5      | Noticed Prince Ribbit
  9841 | D:5      | Killed Prince Ribbit
  9841 | D:5      | Reached skill level 1 in Invocations
  9864 | D:5      | Got a dazzling arbalest
  9872 | D:5      | Identified the cursed +3 arbalest of the Wilderness {flame,
                  | rF+ rC++ Int+2 Dex-3} (You found it on level 5 of the
                  | Dungeon)
  9997 | D:10     | Entered Level 10 of the Dungeon
 10010 | D:10     | Reached XP level 11. HP: 87/94 MP: 11/11
 10017 | D:10     | Reached skill level 11 in Shields
 10092 | D:10     | Reached skill level 10 in Armour
 10493 | D:10     | Reached ***** piety under Okawaru
 11136 | D:10     | Noticed a two-headed ogre
 11158 | D:10     | Killed a two-headed ogre
 11335 | D:10     | Found a staircase to the Orcish Mines.
 11344 | Orc:1    | Entered Level 1 of the Orcish Mines
 11465 | Orc:1    | Found a radiant altar of Vehumet.
 11469 | Orc:1    | Received a gift from Okawaru
 12091 | Orc:1    | Found a roughly hewn altar of Beogh.
 12270 | Orc:2    | Entered Level 2 of the Orcish Mines
 12283 | Orc:2    | Found a roughly hewn altar of Beogh.
 12316 | Orc:2    | Noticed an orc sorcerer
 12319 | Orc:2    | Paralysed by an orc sorcerer for 2 turns
 12321 | Orc:2    | Killed an orc sorcerer
 12321 | Orc:2    | Reached skill level 12 in Shields
 12361 | Orc:2    | Noticed an orc knight
 12371 | Orc:2    | Killed an orc knight
 12385 | Orc:2    | Reached skill level 10 in Fighting
 12408 | Orc:2    | Found a dark tunnel.
 12417 | Volcano  | Entered a volcano
 12785 | Volcano  | Received a gift from Okawaru
 12954 | Volcano  | Found a bloodstained altar of Trog.
 12954 | Volcano  | Noticed a centaur warrior
 12958 | Volcano  | Killed a centaur warrior
 12958 | Volcano  | Reached XP level 12. HP: 106/106 MP: 12/12
 13393 | Orc:2    | Found a roughly hewn altar of Beogh.
 13515 | Orc:2    | Found a roughly hewn altar of Beogh.
 13620 | Orc:2    | Noticed Josephine
 13648 | Orc:2    | Killed Josephine
 13657 | Orc:2    | Reached skill level 13 in Shields
 13903 | Orc:2    | Found a roughly hewn altar of Beogh.
 13925 | Orc:2    | Found Ycug's Food Boutique.
 14093 | Orc:2    | Found a staircase to the Elven Halls.
 14658 | D:6      | Bought a pair of embroidered boots for 165 gold pieces
 14723 | D:6      | Bought the amulet of Lugonu's Favour {Faith rF+ Dex+2 SInv}
                  | for 873 gold pieces
 14883 | Lair:1   | Entered Level 1 of the Lair of Beasts
 14981 | Lair:1   | Found an ornate altar of the Wu Jian Council.
 15813 | Lair:2   | Found a staircase to the Snake Pit.
 15855 | Lair:2   | Received a gift from Okawaru
 16857 | Lair:3   | Reached XP level 13. HP: 114/116 MP: 13/13
 17149 | Lair:3   | Found a staircase to the Swamp.
 17621 | Lair:4   | Noticed Rupert
 17624 | Lair:4   | Noticed Sonja
 17646 | Lair:3   | Killed Rupert
 17646 | Lair:3   | Received a gift from Okawaru
 17868 | Lair:4   | Killed Sonja
 18203 | Lair:4   | Reached ****** piety under Okawaru
 18210 | Lair:4   | Reached skill level 14 in Shields
 18248 | Lair:4   | Reached skill level 15 in Long Blades
 18849 | Lair:5   | Reached skill level 1 in Stealth
 18881 | Lair:5   | Found a staircase to the Slime Pits.
 20107 | Lair:1   | You fall through a shaft!
 20937 | Lair:6   | Entered Level 6 of the Lair of Beasts
 20956 | Lair:6   | Received a gift from Okawaru
 20979 | Lair:6   | Got a pair of brightly glowing gloves {god gift}
 20985 | Lair:6   | Identified the +0 pair of gloves of Icehinam {MR+ Int+3
                  | Dex+8 Stlth-} (Okawaru gifted it to you on level 6 of the
                  | Lair of Beasts)
 21677 | Lair:6   | Reached skill level 15 in Shields
 21686 | Lair:6   | Noticed a dire elephant
 21686 | Lair:6   | Noticed a dire elephant
 21701 | Lair:6   | Noticed a dire elephant
 21709 | Lair:6   | Noticed a dire elephant
 22045 | Lair:6   | Noticed a dire elephant
 22049 | Lair:6   | Killed a dire elephant
 22067 | Lair:6   | Killed a dire elephant
 22067 | Lair:6   | Reached XP level 14. HP: 89/127 MP: 14/14
 22358 | Lair:6   | Identified Nafiaqe's Disquisition on Ghastly Execration
 22362 | Lair:6   | Got an encrusted falchion
 22368 | Lair:6   | Identified the +10 falchion "Rullibb" {slice, *Drain Int+6}
                  | (You found it on level 6 of the Lair of Beasts)
 22796 | Lair:6   | Identified a scroll of acquirement
 23099 | D:11     | Found an ancient bone altar of Kikubaaqudgha.
 23181 | D:11     | Noticed Psyche
 23183 | D:11     | Killed Psyche
 23658 | D:11     | Received a gift from Okawaru
 23887 | D:11     | You fall through a shaft for 2 floors!
 24003 | D:13     | Noticed Urug
 24005 | D:13     | Noticed Kirke
 24028 | D:13     | Killed Kirke
 24036 | D:13     | Killed Urug
 24290 | D:13     | Reached skill level 16 in Shields
 24413 | D:13     | Noticed Snorg
 24421 | D:13     | Killed Snorg
 24764 | D:13     | Found a runed door.
 24765 | D:13     | Noticed jt's ghost (journeyman TrMo)
 24994 | D:13     | Killed jt's ghost
 25000 | D:13     | Received a gift from Okawaru
 25123 | D:12     | Found a flickering gateway to a bazaar.
 25128 | Bazaar   | Entered a bazaar
 25128 | Bazaar   | Found Huagg's Food Shoppe.
 25128 | Bazaar   | Found Pucouh's Armour Emporium.
 25131 | Bazaar   | Found Narop's Jewellery Shop.
 25138 | Bazaar   | Found Onaipn's Jewellery Shoppe.
 25162 | Bazaar   | Found Robi's Jewellery Boutique.
 25170 | Bazaar   | Bought a cursed amulet of inaccuracy for 22 gold pieces
 25212 | Bazaar   | Bought the ring "Nutwis" {rF+++ MP+9 Str+10 Int-3 Dex+3}
                  | for 830 gold pieces
 25546 | D:12     | Found a snail-covered altar of Cheibriados.
 26335 | Orc:2    | Noticed an orc warlord
 26461 | Orc:2    | Killed an orc warlord
 26855 | Orc:2    | Found a roughly hewn altar of Beogh.
 26900 | Orc:2    | Found Acvadich's Antique Armour Shoppe.
 26902 | Orc:2    | Found a roughly hewn altar of Beogh.
 26910 | Orc:2    | Found Qehon's Antique Weapon Emporium.
 26930 | Orc:2    | Bought a spiked shield for 275 gold pieces
 26944 | Orc:2    | Identified the -5 shield "Jilliur" {+Blink MR+ Int+3} (You
                  | bought it in a shop on level 2 of the Orcish Mines)
 27014 | Orc:2    | Found a roughly hewn altar of Beogh.
 27221 | Orc:2    | Reached XP level 15. HP: 126/137 MP: 15/15
 27240 | Orc:2    | Found a roughly hewn altar of Beogh.
 27267 | Orc:2    | Found Otacuxt's Magic Scroll Shoppe.
 27696 | D:14     | Noticed Nessos
 27721 | D:14     | Killed Nessos
 27815 | D:14     | Found a shattered altar of Ashenzari.
 27878 | D:14     | Found a gate to the Vaults.
 27916 | D:14     | Noticed Frances
 27936 | D:14     | Killed Frances
 27936 | D:14     | Received a gift from Okawaru
 27936 | D:14     | Reached skill level 15 in Armour
 27941 | D:14     | Reached skill level 17 in Shields
 27962 | D:14     | Got a blackened plate armour {god gift}
 27968 | D:14     | Identified the +5 plate armour of the Cockroach {rC+ MR+
                  | Int+4 Dex+2} (Okawaru gifted it to you on level 14 of the
                  | Dungeon)
 28353 | D:15     | Entered Level 15 of the Dungeon
 29148 | D:15     | Noticed Agnes
 29158 | D:15     | Killed Agnes
 29514 | D:15     | Received a gift from Okawaru
 29556 | D:15     | Found a staircase to the Depths.
 30248 | Orc:2    | Bought a scroll of enchant armour for 112 gold pieces
 30248 | Orc:2    | Bought a scroll of teleportation for 45 gold pieces
 30436 | Elf:1    | Entered Level 1 of the Elven Halls
 30477 | Elf:1    | Found a radiant altar of Vehumet.
 30655 | Elf:1    | Reached skill level 15 in Fighting
 30869 | Elf:1    | Reached XP level 16. HP: 123/149 MP: 16/16
 31076 | Elf:1    | Reached skill level 18 in Shields
 31115 | Elf:1    | Received a gift from Okawaru
 32087 | Elf:2    | Found a runed door.
 32110 | Elf:2    | Found a runed door.
 32398 | Elf:2    | Received a gift from Okawaru
 33996 | Elf:3    | Entered Level 3 of the Elven Halls
 34191 | Elf:3    | Found Zeduthrett's Antique Armour Shop.
 34213 | Elf:3    | Received a gift from Okawaru
 34335 | Elf:3    | Noticed a deep elf master archer
 34390 | Elf:3    | Killed a deep elf master archer
 34390 | Elf:3    | Reached skill level 19 in Shields
 34393 | Elf:3    | Reached XP level 17. HP: 69/159 MP: 17/17
 34398 | Elf:3    | Noticed a deep elf master archer
 34401 | Elf:3    | Noticed Louise
 34423 | Elf:3    | HP: 5/159 [drowned by a water elemental (3)]
 34428 | Elf:3    | HP: 4/159 [deep elf high priest/divine providence (15)]
 34433 | Elf:3    | Drowned by a water elemental

Skill      XL: |  1  2  3  4  5  6  7  8  9 10 11 12 13 14 15 16 |
---------------+-------------------------------------------------+-----
Armour         | 4 5 6 7 8 9 10 12 13 14 15 16 | 16.8
Fighting       | 4 5 6 8 10 11 12 13 15 16 | 16.5
Shields        | 4 5 6 8 10 12 13 15 16 17 19 | 19.1
Long Blades    | 3 4 5 6 8 10 11 13 14 15 16 17 18 | 18.1
Dodging        | 1 2 3 4 |  4.4
Evocations     | 2 |  2.6
Invocations    | 1 2 |  2.5
Stealth        | 1 |  1.9

Action                   |  1- 3 |  4- 6 |  7- 9 | 10-12 | 13-15 | 16-18 || total
-------------------------+-------+-------+-------+-------+-------+-------++-------
Melee: Long sword        |    79 |   149 |   260 |       |       |       ||   488
       Short sword       |     7 |       |       |       |       |       ||     7
       Headbutt          |     5 |    35 |    87 |   160 |   386 |   112 ||   785
       Falchion          |       |       |    77 |   134 |    42 |       ||   253
       Scimitar          |       |       |    29 |   582 |   316 |       ||   927
       Demon blade       |       |       |       |       |   847 |   183 ||  1030
       Double sword      |       |       |       |       |       |   131 ||   131
Invok: Heroism           |       |       |       |     8 |    11 |       ||    19
Evoke: Wand              |       |       |    11 |    12 |     2 |       ||    25
  Use: Scroll            |     2 |       |    11 |    14 |    13 |    16 ||    56
       Potion            |       |       |     1 |     4 |     1 |     7 ||    13
 Stab: Distracted        |       |       |       |       |       |     1 ||     1
  Eat: Chunk             |       |     5 |    12 |    27 |    38 |     7 ||    89
       Ration            |       |     1 |       |     2 |     2 |     1 ||     6
Armor: Scale mail        |    20 |       |       |       |       |       ||    20
       Chain mail        |    14 |    85 |    24 |       |       |       ||   123
       Plate armour      |       |       |   107 |   219 |   477 |   104 ||   907
Dodge: Dodged            |    14 |    36 |    48 |   105 |   321 |    64 ||   588
Block: Shield            |    59 |   111 |   226 |   450 |   943 |   213 ||  2002
       Reflection        |       |     2 |     8 |    17 |       |       ||    27
       Rpst.: Long sword |     3 |     8 |    10 |       |       |       ||    21
       Falchion          |       |       |     1 |     3 |     1 |       ||     5
       Scimitar          |       |       |       |    29 |    19 |       ||    48
       Demon blade       |       |       |       |       |    53 |     7 ||    60
       Double sword      |       |       |       |       |       |     5 ||     5
